 Dungeon Crawl Stone Soup version 0.23-a0-644-gb60d84b (webtiles) character file.

39 Borgoz the Sneak (level 3, -2/21 HPs)
             Began as a Kobold Assassin on Jan 2, 2019.
             Slain by a gnoll
             ... wielding a +0 halberd
              (14 damage)
             ... on level 2 of the Dungeon.
             The game lasted 00:01:42 (882 turns).

Borgoz the Sneak (Kobold Assassin)                   Turns: 882, Time: 00:01:43

Health: -2/21      AC:  3    Str:  9    XL:     3   Next: 70%
Magic:  3/3        EV: 14    Int: 12    God:
Gold:   27         SH:  0    Dex: 16    Spells: 2/2 levels left

rFire    . . .     SeeInvis .   a - +2 dagger
rCold    . . .     Gourm    .   (shield restricted)
rNeg     . . .     Faith    .   c - +0 robe
rPois    .         Spirit   .   (no helmet)
rElec    .         Reflect  .   d - +0 cloak
rCorr    .         Harm     .   (no gloves)
MR       .....                  (no boots)
Stlth    +++.......             (no amulet)
HPRegen  0.07/turn              (no ring)
MPRegen  0.08/turn              (no ring)

@: no status effects
A: small, carnivore
a: no special abilities


You were on level 2 of the Dungeon.
You were not hungry.

You visited 1 branch of the dungeon, and saw 2 of its levels.

You collected 27 gold pieces.

Inventory:

Hand Weapons
 a - a +2 dagger (weapon)
 b - a +0 blowgun
Missiles
 e - 8 poisoned needles
 f - 2 curare-tipped needles
Armour
 c - a +0 robe (worn)
 d - a +0 cloak (worn)
Scrolls
 h - 2 scrolls of random uselessness {unknown}
 j - 2 scrolls of identify {unknown}
Potions
 i - a potion of degeneration {unknown}
Comestibles
 g - 2 rations


   Skills:
 + Level 2.2 Fighting
 + Level 3.2 Short Blades
 + Level 2.2 Throwing
 + Level 1.2 Dodging
 + Level 6.7 Stealth


You had 2 spell levels left.
You didn't know any spells.
Your spell library was empty.

Dungeon Overview and Level Annotations

Branches:
Dungeon (2/15)

Altars:


Innate Abilities, Weirdness & Mutations

You are small and have problems with some larger weapons.
You are carnivorous and can eat meat at any time.


Message History

There are monsters nearby! 2 gnolls come into view.
A gnoll is wielding a +0 dagger of electrocution.
The gnoll shouts!
A gnoll comes into view. It is wielding a +0 halberd.
A giant cockroach comes into view.
The gnoll hits you with a +0 club.
The gnoll shouts! x2
You hit the gnoll.
The gnoll is moderately wounded.
The gnoll barely misses you.
You barely miss the gnoll.
The gnoll is moderately wounded.
The gnoll barely misses you. The quokka bites you.
You hit the gnoll but do no damage.
The gnoll is moderately wounded.
The gnoll hits you but does no damage. The quokka misses you.
The gnoll hits you from afar with a +0 halberd!
Ouch! That really hurt!
You die...

######.##.....
.##.............
................
#.#.#.#....s..
...........g.
#.#.#.#..gg#
........r..#
#.#.#.#.@g.#
........####.#
#.#.#.#....#.#
........##.#.#.
##..
....######.#.#.##
##. ..# ...
###.#.#... ......
.. #...#.##.###
..#.# .
####)###.##...
#.#..
.##.....##.##.#
#....


You could see 4 gnolls, a quokka and a giant cockroach.

Vanquished Creatures
  2 oozes (D:1)
  A dart slug (D:1)
  3 leopard geckos (D:1)
  An orc (D:2)
  2 goblins (D:1)
  3 hobgoblins
  4 kobolds
  A ball python (D:1)
  4 bats
  3 frilled lizards (D:1)
  2 rats (D:1)
26 creatures vanquished.

Notes
Turn   | Place    | Note
-------+----------+-------------------------------------------
     0 | D:1      | Borgoz the Kobold Assassin began the quest for the Orb.
     0 | D:1      | Reached XP level 1. HP: 12/12 MP: 1/1
    60 | D:1      | Reached skill level 6 in Stealth
    60 | D:1      | Reached XP level 2. HP: 11/17 MP: 2/2
   274 | D:1      | Reached XP level 3. HP: 17/21 MP: 3/3
   882 | D:2      | Slain by a gnoll

Vault maps used:
D:1:      evilmike_arrival_plus
D:2:      nicolae_overflow_crystal_walls,
          chequers_temple_overflow_statue_of_worship, serial_glass,
          glass_columns_a, glass_columns_c, glass_columns_c, glass_columns_c,
          glass_columns_c, glass_columns_b, glass_columns_a, glass_columns_a,
          glass_columns_b, glass_columns_a, glass_columns_a, glass_columns_c,
          glass_columns_a, glass_columns_a, first_ration, bloody_trog

Skill      XL: |  1  2  3 |
---------------+----------+-----
Stealth        | 6 |  6.7
Short Blades   | 3 |  3.2
Fighting       | |  2.2
Throwing       | |  2.2
Dodging        | |  1.2

Action                   || total
-------------------------++-------
Melee: Dagger            ||    83
 Stab: Sleeping          ||     8
  Eat: Chunk             ||     1
Armor: Robe              ||     9
Dodge: Dodged            ||    58

Table legend:
 A = Non-vault XP
 B = Vault XP
 C = Vault XP percentage of total XP
 D = Non-vault monster count
 E = Vault monster count
 F = Vault count percentage of total count
                 A         B        C        D         E       F
            +---------+---------+-------+---------+---------+-------
      Total |      57 |       0 |   0.0 |      26 |       0 |   0.0
            +---------+---------+-------+---------+---------+-------
        D:1 |      48 |       0 |   0.0 |      21 |       0 |   0.0
        D:2 |       9 |       0 |   0.0 |       5 |       0 |   0.0
            +---------+---------+-------+---------+---------+-------
